cohdb
Replays
Latest Replays
All Replays
Popular Replays
Top Player Replays
Match Explorer
How It Works
Community
CoH3 Stats
Reddit
Sign in to upload your games and track your stats! →
Sign in with Steam
Match 44280140
Unlisted
Match 44280140
Overview
Messages
Build Orders
End
Kettenkrad Recon Vehicle
Construct Infanterie Kompanie
Selects Luftwaffe Battlegroup
Selects Luftwaffe Pioneer Support
Fallschirmpioneer Squad Paradrop
Grenadier Squad
MG 42 Machine Gun Team
Medical Station
Kettenkrad Recon Vehicle
Grenadier Squad
GrW 34 Mortar Team
MG 42 Machine Gun Team
Infanterie Officer Quarters
MG 42 Machine Gun Team
Construct Panzergrenadier Kompanie
Selects Stuka Strafing Run
Stuka Strafing Run
251 Medium Carrier
MG 42 Machine Gun Team
Kettenkrad Recon Vehicle
Stuka Strafing Run
Grenadier Squad
Selects Fallschirmjäger Squad Paradrop
Selects Fragmentation Bombs
Fragmentation Bombs
251 Medium Carrier
Pioneer Squad
Stuka Strafing Run
Construct Panzer Kompanie
MG 42 Machine Gun Team
Panzer IV Medium Tank
Side Skirts
Grenadier Squad
Stuka Strafing Run
Grenadier Squad
Stuka Strafing Run
Panzer IV Medium Tank
Panzer IV Medium Tank
Stuka Strafing Run
Pioneer Squad
Sir Ringe
유유
EloX
cannot compute
nilshousker
BrainySmurf
0
0
Comments
sign in to comment!
No comments posted yet!